 Dungeon Crawl Stone Soup version 0.27.1-1-g398f81649c (webtiles) character file.

Game seed: 1684374623055249118

25 jondo1214 the Grave Robber (level 3, -2/26 HPs)
             Began as a Hill Orc Necromancer on Sept 13, 2021.
             Slain by Sigmund (4 damage)
             ... on level 2 of the Dungeon on Sept 14, 2021.
             The game lasted 00:05:26 (1848 turns).

jondo1214 the Grave Robber (Hill Orc Necromancer)   Turns: 1848, Time: 00:05:26

Health: -2/26      AC:  2    Str: 10    XL:     3   Next: 4%
Magic:  6/6        EV: 12    Int: 16    God:
Gold:   73         SH:  0    Dex: 11    Spells: 4/6 levels left

rFire    . . .     SeeInvis .   e - +0 short sword
rCold    + . .     Faith    .   (no shield)
rNeg     + . .     Spirit   .   a - +0 robe
rPois    .         Reflect  .   (no helmet)
rElec    .         Harm     .   (no cloak)
rCorr    .         Rampage  .   (no gloves)
Will     .....                  (no boots)
Stlth    +.........             (no amulet)
HPRegen  0.00/turn              k - ring of positive energy
MPRegen  0.10/turn              (no ring)

@: confused, inhibited regen
A: cold resistance 1, inhibited regeneration, no potion heal 1
a: no special abilities


You were on level 2 of the Dungeon.
You visited 1 branch of the dungeon, and saw 2 of its levels.

You collected 73 gold pieces.

Inventory:

Hand Weapons
 c - a +0 club
 e - a +0 short sword (weapon)
 i - a +1 dagger of speed
Armour
 a - a +0 robe (worn)
Jewellery
 k - a ring of positive energy (left hand)
Scrolls
 d - a scroll of magic mapping {unknown}
 f - a scroll of identify {unknown}
 g - a scroll of brand weapon {unknown}
 h - a scroll of summoning {unknown}
Potions
 j - a potion of haste {unknown}
 l - a potion of degeneration {unknown}
 m - a potion of cancellation {unknown}


   Skills:
 * Level 0.4 Armour
 + Level 1.5 Dodging
 * Level 1.9 Stealth
 * Level 2.0 Spellcasting
 * Level 4.3 Necromancy


You had 4 spell levels left.
You knew the following spells:

 Your Spells              Type           Power      Damage    Failure   Level
a - Pain                  Necr           60%        1d7       3%          1
b - Animate Skeleton      Necr           30%        N/A       3%          1

Your spell library contained the following spells:

 Spells                   Type           Power      Damage    Failure   Level
 Vampiric Draining        Necr           7%         2d7       11%         3
 Slow                     Hex            1%         N/A       30%         2
 Animate Dead             Necr           7%         N/A       34%         4
 Confusing Touch          Hex            1%         N/A       52%         3
 Agony                    Necr           15%        N/A       67%         5
 Yara's Violent Unravell  Hex/Tmut       0%         3d3       99%         5


Dungeon Overview and Level Annotations

Branches:
Dungeon (2/15)

Altars:

Annotations:
D:2 Sigmund


Innate Abilities, Weirdness & Mutations

Your flesh is cold resistant. (rC+)
You do not regenerate when monsters are visible.
Potions are less effective at restoring your health.


Message History

There is an open door here.
Done exploring.
You see here a +0 club.
There is an open door here.
There is a stone staircase leading down here.
You climb downwards.
There is a stone staircase leading up here.
Sigmund shouts!
Sigmund casts a spell at you. The magic dart hits you!
Sigmund barely misses you.
You barely miss Sigmund. You barely miss Sigmund. Sigmund misses you.
You hit Sigmund.
Sigmund is lightly wounded.
Sigmund barely misses you.
You hit Sigmund.
Sigmund is moderately wounded.
You barely miss Sigmund.
Sigmund is moderately wounded.
Sigmund asks, "Do you like me?" Sigmund barely misses you.
You barely miss Sigmund.
Sigmund is moderately wounded.
Sigmund gestures at you while chanting.
You are confused.
You hit Sigmund but do no damage.
Sigmund is moderately wounded.
Sigmund casts a spell at you. The puff of flame misses you.
You bump into the rock wall.
Sigmund zaps a wand.
The puff of flame hits you! Sigmund hits you but does no damage.
Sigmund gestures at you while chanting. The puff of flame hits you!
* * * LOW HITPOINT WARNING * * *
It was a potion of mutation.
You feel extremely strange.
Your system partially rejects the healing effects of potions.
Your regeneration stops near monsters.
You feel resistant to cold.
Sigmund hits you from afar with a +0 scythe.
You die...

.# ###.#
....#
##...#
#<...#
#....# #
#....#.#
#@.....##..
#..@......#
#######..##
.#


You could see Sigmund.

Vanquished Creatures
  An endoplasm (D:1)
  6 hobgoblins (D:1)
  A ball python (D:1)
  2 bats (D:1)
  2 frilled lizards (D:1)
  5 goblins (D:1)
  2 kobolds (D:1)
  3 rats (D:1)
22 creatures vanquished.

Vanquished Creatures (collateral kills)
  A dart slug (D:1)
1 creature vanquished.

Grand Total: 23 creatures vanquished

Notes
Turn   | Place    | Note
-------+----------+-------------------------------------------
     0 | D:1      | jondo1214 the Hill Orc Necromancer began the quest for the
                  | Orb.
     0 | D:1      | Reached XP level 1. HP: 14/14 MP: 3/3
    27 | D:1      | Learned a level 1 spell: Animate Skeleton
   669 | D:1      | Reached XP level 2. HP: 20/20 MP: 4/4
  1580 | D:1      | Reached XP level 3. HP: 23/26 MP: 4/6
  1835 | D:2      | Noticed Sigmund
  1848 | D:2      | Gained mutation: Potions are less effective at restoring
                  | your health. [potion of mutation]
  1848 | D:2      | Gained mutation: You do not regenerate when monsters are
                  | visible. [potion of mutation]
  1848 | D:2      | Gained mutation: Your flesh is cold resistant. (rC+)
                  | [potion of mutation]
  1848 | D:2      | Slain by Sigmund

Illustrated notes

Levels and vault maps discovered:
D:1:      elethiomel_arrival_infinity_welcomes_careful_drivers,
          layout_loops_corners, minmay_bisected
D:2:      minmay_general_purpose_star, layout_basic, minmay_misc_feat_iff,
          uniq_natasha, uniq_sigmund

Skill      XL: |  1  2 |
---------------+-------+-----
Spellcasting   | 2 |  2.0
Armour         | |  0.4
Dodging        | |  1.5
Stealth        | |  1.9
Necromancy     | |  4.3

Action                   || total
-------------------------++-------
Melee: Club              ||    10
       Short sword       ||    34
 Cast: Pain              ||    22
       Animate Skeleton  ||    10
  Use: Potion            ||     1
 Stab: Sleeping          ||     2
Armor: Robe              ||     7
Dodge: Dodged            ||    32
